Map: Celestial Enclave LE

Players

HappyPanda - Winner!

  • Race: Protoss Protoss
  • Spawn Location: 1:00

SCIInewby

  • Race: Zerg Zerg
  • League: Master
  • Spawn Location: 7:00

VOD

Have the link to the VOD?

Description

Time

  • Played on: Feb. 6, 2026, 10:38 p.m.
  • Length: 8:50
Show
View Real Time Build Order
Export as new Build Order

HappyPanda Protoss - Winner!

Build Orders:  

Get SALT Encoding   

  12  0:01  Probe  
  13  0:09  Probe  
  14  0:19  Probe  
  14  0:25  Pylon  
  15  0:43  Forge  
  15  1:04  Pylon  
  15  1:15  Assimilator  
  15  1:20  Gateway  
  15  1:26  Assimilator  
  15  1:36  Probe  
  15  1:44  Probe  
  16  1:53  Pylon  
  17  1:54  Probe  
  18  2:06  Probe  
  19  2:16  Pylon  
  19  2:18  Probe  
  19  2:22  Photon Cannon  
  20  2:27  Pylon  
  18  2:50  Zealot  
  17  3:07  Cybernetics Core  
  17  3:09  Probe  
  17  3:17  Probe  
  19  3:31  Cybernetics Core  
  19  3:53  Shield Battery  
  19  4:00  Shield Battery  
  19  4:01  Warp Gate  
  17  4:23  Photon Cannon  
  16  4:39  Gateway  
  16  4:44  Stalker  
  16  4:45  Gateway  
  16  5:14  Stalker  
  18  5:30  Probe  
  19  5:38  Probe  
  20  5:47  Probe  
  19  5:50  Stargate  
  20  6:00  Probe  
  21  6:04  Stalker x2  
  25  6:12  Probe  
  26  6:20  Probe  
  27  6:28  Probe  
  28  6:36  Oracle  
  28  6:38  Probe  
  32  6:50  Probe  
  33  7:02  Probe  
  34  7:09  Zealot x2  
  38  7:19  Pylon  
  38  7:21  Pylon  
  38  7:43  Void Ray  
Show
View Real Time Build Order
Export as new Build Order

SCIInewby Zerg 

Build Orders: Pool First 

Get SALT Encoding   

  12  0:00  Drone  
  13  0:08  Drone  
  14  0:17  Extractor  
  14  0:20  Drone  
  15  0:34  Spawning Pool  
  14  0:42  Overlord  
  14  1:08  Drone  
  14  1:09  Drone x2  
  15  1:20  Extractor  
  15  1:23  Zergling x2  
  15  1:29  Queen  
  17  1:33  Zergling x2  
  18  1:46  Zergling x2  
  19  1:52  Zergling x2  
  20  2:03  Zergling x2  
  21  2:14  Zergling x2  
  22  2:41  Zergling x2  
  22  2:43  Metabolic Boost  
  22  2:46  Overlord x4  
  21  2:56  Zergling x2  
  19  3:07  Zergling x2  
  20  3:14  Hatchery  
  20  3:16  Zergling x2  
  20  3:30  Zergling x2  
  21  3:37  Zergling x2  
  21  3:47  Zergling x2  
  22  3:57  Baneling Nest  
  22  3:58  Drone x2  
  22  3:59  Drone  
  21  4:17  Zergling x4  
  23  4:26  Zergling x8  
  25  4:43  Zergling x6  
  28  4:56  Zergling x2  
  28  4:57  Zergling x8  
  27  5:14  Zergling x6  
  27  5:21  Zergling x4  
  27  5:29  Zergling x2  
  27  5:37  Drone x2  
  23  6:01  Zergling x8  
  25  6:09  Baneling  
  25  6:10  Baneling  
  24  6:13  Zergling x8  
  24  6:17  Zergling x2  
  29  6:21  Zergling x2  
  30  6:27  Zergling x2  
  31  6:36  Baneling x3  
  26  6:55  Zergling x2  
  26  6:56  Zergling x14  
  29  7:02  Zergling x2  
  30  7:13  Zergling x4  
  32  7:16  Baneling x5  
  32  7:17  Baneling x3  
  32  7:34  Spore Crawler  
  31  7:39  Zergling x6  
  31  7:40  Zergling x4  
  35  7:45  Drone  
  36  7:54  Baneling x2  
  36  7:55  Baneling x3  
  36  8:01  Zergling x2  
  28  8:16  Zergling x8  
  19  8:31  Zergling x2  
  19  8:32  Zergling x4  
  22  8:36  Drone  
Tags
 
League
Master
Matchup
PvZ
Opening
Pool First
Replay Pack
Multiplayer
Spawn Locations
Cross Positions
Add a new tag
Caveats
  • Supply blocks, unpowered buildings, or Contaminate may cause inaccurate times.
  • Supply counts are checked every 10 seconds.